 Dungeon Crawl Stone Soup version 0.25.0-15-gac7dcb8919 (webtiles) character file.

Game seed: 2971569951377898700

4124 Curus the Bludgeoner (level 10, 0/115 HPs)
             Began as a Hill Orc Berserker on June 29, 2020.
             Was an Elder of Trog.
             Slain by a yak (6 damage)
             ... on level 9 of the Dungeon.
             The game lasted 00:42:41 (10914 turns).

Curus the Bludgeoner (Hill Orc Berserker)          Turns: 10914, Time: 00:42:42

Health: 0/115      AC: 13    Str: 19 (21) XL:     10   Next: 27%
Magic:  10/10      EV:  6    Int:  5 (7)  God:    Trog [****..]
Gold:   369        SH:  0    Dex: 11 (13) Spells: 9/9 levels left

rFire    + + .     SeeInvis .   w - +1 morningstar
rCold    + . .     Gourm    .   (no shield)
rNeg     . . .     Faith    .   y - +0 plate armour
rPois    +         Spirit   .   g - +0 helmet
rElec    .         Reflect  .   C - scarf {rC+ rF+}
rCorr    .         Harm     .   B - +0 pair of gloves
MR       +....                  (no boots)
Stlth    ..........             (no amulet)
HPRegen  0.29/turn              (no ring)
MPRegen  0.12/turn              r - ring of protection from fire

@: berserking, very quick
A: magic resistance 1, poison resistance
a: Berserk, Trog's Hand, Brothers in Arms, Renounce Religion


You were on level 9 of the Dungeon.
You worshipped Trog.
Trog was greatly pleased with you.
You were hungry.

You visited 1 branch of the dungeon, and saw 9 of its levels.
You also visited: Sewer.

You collected 571 gold pieces.
You spent 202 gold pieces at shops.

Inventory:

Hand Weapons
 a - a +1 mace
 k - a +1 flail
 w - a +1 morningstar (weapon)
Armour
 b - a +0 animal skin
 d - a +4 ring mail
 g - a +0 helmet (worn)
 h - a +0 cloak
 l - a +0 scale mail
 v - a +0 chain mail
 x - a +1 cloak of magic resistance
 y - a +0 plate armour (worn)
 B - a +0 pair of gloves (worn)
 C - a scarf of resistance (worn)
Jewellery
 j - a -4 ring of protection
 r - a ring of protection from fire (right hand)
Wands
 i - a wand of digging (8)
 m - a wand of iceblast (17)
 t - a wand of paralysis (8)
 A - a wand of random effects (12)
 E - a wand of flame (14)
Scrolls
 e - 4 scrolls of magic mapping
 f - 12 scrolls of identify
 o - 4 scrolls of teleportation
 z - a scroll of remove curse
Potions
 n - 4 potions of curing
 p - 2 potions of heal wounds
 q - a potion of might
 s - 2 potions of magic
 u - 2 potions of haste
 F - a potion of cancellation
Comestibles
 c - 16 rations
 D - 7 chunks of flesh


   Skills:
 - Level 3.6 Fighting
 + Level 15.3 Maces & Flails
 - Level 2.1 Armour
 - Level 1.5 Dodging


You had 9 spell levels left.
You didn't know any spells.
Your spell library was empty.

Dungeon Overview and Level Annotations

Branches:
Dungeon (9/15)             Temple (0/1) D:7           Sewer (visited)
   Lair: D:8-11         Orc: D:9-12

Altars:
Ashenzari
Elyvilon
Hepliaklqana
Okawaru
Qazlal
Vehumet
Xom
Yredelemnul
The Shining One

Shops:
D:5 [   D:8 (   D:9 [


Innate Abilities, Weirdness & Mutations

You are resistant to hostile enchantments. (MR+)
Your system is resistant to poisons. (rPois)


Message History

You feel yourself moving faster!
You feel mighty!
You are feeling hungry.
The yak gores you.
* * * LOW HITPOINT WARNING * * *
The yak barely misses you. The yak gores you.
* * * LOW HITPOINT WARNING * * *
You hit the yak.
You kill the yak!
Trog accepts your kill.
The yak gores you but does no damage. x2
You puncture the yak!
The yak is heavily wounded.
The yak gores you!
* * * LOW HITPOINT WARNING * * *
You puncture the yak!
The yak is almost dead.
The yak gores you!
* * * LOW HITPOINT WARNING * * *
The yak gores you.
You die...

##########################
................@YY.......
...............†YY........
.................Y........
..........................
..........................
..........................
.......................!.#
.........................#
.........................#


You could see 5 yaks.

Vanquished Creatures
  Maggie (D:6)
  A hippogriff (D:7)
  A yak (D:9)
  Eustachio (D:6)
  Menkaure (D:4)
  A hungry ghost (D:8)
  Duvessa (D:6)
  An orc warrior (D:5)
  5 ice beasts
  2 ogres
  A necrophage (D:6)
  A crocodile (D:9)
  A centaur (D:5)
  Blork the orc (D:4)
  4 big kobolds
  3 bullfrogs
  Dowan (D:6)
  A water moccasin zombie (D:7)
  2 scorpions
  3 killer bees (D:8)
  2 howler monkeys (D:6)
  3 crimson imps
  3 orc priests
  A bullfrog zombie (D:6)
  2 centaur zombies
  A jelly (D:7)
  2 hounds
  7 orc wizards
  Ijyb (D:3)
  An iguana (D:5)
  3 worker ants
  A hound zombie (D:7)
  2 worker ant zombies
  3 gnolls (D:5)
  15 adders
  2 river rats (Sewer)
  2 shadow imps
  2 oozes (Sewer)
  2 adder zombies
  An adder skeleton (D:8)
  10 worms
  2 dart slugs (D:2)
  2 leopard geckos (D:6)
  21 orcs
  4 ball pythons (Sewer)
  3 bats
  4 giant cockroaches
  7 goblins
  10 hobgoblins
  12 jackals
  2 quokkas
  5 frilled lizards
  A giant cockroach zombie (D:6)
  A jackal skeleton (D:6)
  19 kobolds
  A quokka skeleton (D:5)
  A quokka zombie (D:8)
  12 rats
206 creatures vanquished.

Vanquished Creatures (others)
  A worker ant (D:6)
1 creature vanquished.

Grand Total: 207 creatures vanquished

Notes
Turn   | Place    | Note
-------+----------+-------------------------------------------
     0 | D:1      | Curus the Hill Orc Berserker began the quest for the Orb.
     0 | D:1      | Reached XP level 1. HP: 19/19 MP: 1/1
   124 | D:1      | Reached XP level 2. HP: 18/26 MP: 2/2
   136 | D:1      | Reached skill level 4 in Maces & Flails
   928 | D:2      | Reached XP level 3. HP: 25/31 MP: 3/3
  1148 | D:2      | Reached skill level 5 in Maces & Flails
  1256 | D:2      | Reached ** piety under Trog
  1266 | D:2      | Gained mutation: You are resistant to hostile enchantments.
                  | (MR+) [potion of mutation]
  1266 | D:2      | Gained mutation: Your system is resistant to poisons.
                  | (rPois) [potion of mutation]
  1307 | D:2      | Reached XP level 4. HP: 36/39 MP: 4/4
  1521 | D:2      | Found a shattered altar of Ashenzari.
  1521 | D:2      | Found a shimmering altar of Xom.
  1522 | D:2      | Found a radiant altar of Vehumet.
  2035 | D:3      | Reached skill level 6 in Maces & Flails
  2068 | D:3      | Reached XP level 5. HP: 34/45 MP: 5/5
  2090 | D:3      | Noticed Ijyb
  2109 | D:3      | Killed Ijyb
  2413 | D:3      | Found a glowing drain.
  2425 | Sewer    | Entered a sewer
  2728 | Sewer    | Reached skill level 7 in Maces & Flails
  2939 | Sewer    | Noticed a big kobold
  2939 | Sewer    | Noticed a big kobold
  2956 | Sewer    | Killed a big kobold
  2956 | Sewer    | Reached XP level 6. HP: 27/51 MP: 6/6
  3151 | Sewer    | Reached *** piety under Trog
  3208 | Sewer    | Reached skill level 8 in Maces & Flails
  3281 | Sewer    | Reached XP level 7. HP: 52/57 MP: 7/7
  3904 | D:4      | Noticed Blork the orc
  3925 | D:4      | Killed Blork the orc
  4342 | D:4      | Reached skill level 9 in Maces & Flails
  4725 | D:4      | Noticed Menkaure
  4736 | D:4      | Killed Menkaure
  5179 | D:5      | Entered Level 5 of the Dungeon
  5339 | D:5      | Reached skill level 10 in Maces & Flails
  5444 | D:5      | Reached XP level 8. HP: 64/64 MP: 8/8
  6018 | D:5      | Found a hazy altar of Hepliaklqana.
  6018 | D:5      | Found a glowing golden altar of the Shining One.
  6037 | D:5      | Reached skill level 11 in Maces & Flails
  6324 | D:5      | Found Impezuo's Antique Armour Shoppe.
  6327 | D:5      | Bought a runed cloak for 202 gold pieces
  6711 | D:6      | Reached skill level 12 in Maces & Flails
  6794 | D:6      | Found a stormy altar of Qazlal.
  6982 | D:6      | Noticed Eustachio
  6997 | D:6      | Noticed Duvessa
  6998 | D:6      | Killed Eustachio
  6998 | D:6      | Reached **** piety under Trog
  6998 | D:6      | Reached XP level 9. HP: 64/67 MP: 9/9
  7005 | D:6      | Noticed Dowan
  7013 | D:6      | Killed Duvessa
  7021 | D:6      | Killed Dowan
  7191 | D:6      | Found an iron altar of Okawaru.
  7289 | D:6      | Reached skill level 13 in Maces & Flails
  7297 | D:6      | Noticed Maggie
  7315 | D:6      | Killed Maggie
  7380 | D:6      | Found a basalt altar of Yredelemnul.
  7522 | D:6      | Found a white marble altar of Elyvilon.
  7867 | D:7      | Found a hazy altar of Hepliaklqana.
  8255 | D:7      | Reached skill level 14 in Maces & Flails
  8875 | D:7      | Found a staircase to the Ecumenical Temple.
  9018 | D:7      | Reached XP level 10. HP: 32/74 MP: 10/10
  9703 | D:8      | Reached skill level 15 in Maces & Flails
 10353 | D:8      | Found Muoh's Weapon Shoppe.
 10897 | D:9      | Found Liacasyrpha's Antique Armour Shoppe.
 10914 | D:9      | Slain by a yak

Illustrated notes

Levels and vault maps discovered:
D:1:      wander_arrival_peaceful_grave, layout_rooms
D:2:      minmay_spotlight, layout_loops_cross, gammafunk_temple_overflow_claw
D:3:      layout_loops_ring, cheibrodos_sewer_entry_bend, dk_vineyard_3,
          uniq_ijyb
D:4:      layout_cave_pods, kennysheep_generic_room_8, uniq_blork_the_orc,
          uniq_menkaure
D:5:      layout_loops_ring, gammafunk_temple_overflow_elements, serial_shops,
          kennysheep_mini_moat, first_ration
D:6:      layout_loops_ring, kennysheep_ying_yang, lemuel_crystal_altar,
          basic_altar, lemuel_flame_loot_1, uniq_maggie, uniq_duvessa,
          uniq_eustachio
D:7:      minmay_evil_eye, layout_basic, minmay_temple_entry_enclosed_plants,
          basic_altar
D:8:      layout_layer_cave, serial_shops, nicolae_shop_crystal
D:9:      layout_long_grid, lair_entry_dummy, serial_shops,
          nicolae_shop_crystal, shop, shop, grunt_pizzeria

Skill      XL: |  1  2  3  4  5  6  7  8  9 10 |
---------------+-------------------------------+-----
Maces & Flails | 4 5 6 7 8 10 12 14 15 | 15.3
Fighting       | |  3.6
Armour         | |  2.1
Dodging        | |  1.5

Action                   |  1- 3 |  4- 6 |  7- 9 | 10-12 || total
-------------------------+-------+-------+-------+-------++-------
Melee: Mace              |    96 |       |       |       ||    96
       Flail             |    12 |   250 |   316 |       ||   578
       Morningstar       |       |       |   184 |   115 ||   299
Invok: Berserk           |     2 |     2 |     3 |     2 ||     9
Evoke: Wand              |       |       |       |     1 ||     1
  Use: Scroll            |     8 |     2 |     3 |       ||    13
       Potion            |     3 |     4 |     3 |     2 ||    12
  Eat: Chunk             |     3 |     6 |    14 |     5 ||    28
       Ration            |       |     1 |     2 |     1 ||     4
Armor: Ring mail         |    65 |    10 |       |       ||    75
       Scale mail        |       |    48 |    30 |       ||    78
       Plate armour      |       |       |   196 |    71 ||   267
       Chain mail        |       |       |     8 |       ||     8
Dodge: Dodged            |    86 |   120 |   135 |    27 ||   368
